Map: Opérations galactiques EC

Players

Sacantus - Winner!

  • Race: Protoss Protoss
  • League: Gold
  • Spawn Location: 1:00

zidar

  • Race: Zerg Zerg
  • League: Platinum
  • Spawn Location: 7:00

VOD

Have the link to the VOD?

Description

Time

  • Played on: Oct. 10, 2016, 11:44 a.m.
  • Length: 8:37
Show
View Real Time Build Order
Export as new Build Order

Sacantus Protoss - Winner!

Build Orders: 1 Gate Expand 

Get SALT Encoding   

  12  0:01  Probe (Chrono Boost)  
  13  0:12  Probe (Chrono Boost)  
  14  0:20  Pylon  
  14  0:22  Probe (Chrono Boost)  
  15  0:38  Probe (Chrono Boost)  
  15  0:40  Gateway  
  16  0:49  Probe (Chrono Boost)  
  17  0:54  Assimilator  
  17  0:59  Probe (Chrono Boost)  
  18  1:10  Probe (Chrono Boost)  
  19  1:26  Nexus  
  19  1:37  Cybernetics Core  
  19  1:40  Probe (Chrono Boost)  
  20  1:51  Probe (Chrono Boost), Assimilator  
  21  2:04  Zealot (Chrono Boost), Pylon  
  23  2:22  Mothership Core  
  25  2:27  Gateway  
  25  2:37  Pylon  
  25  2:43  Probe  
  26  2:55  Twilight Council  
  26  2:56  Probe x2  
  28  3:05  Zealot (Chrono Boost)  
  30  3:06  Probe  
  30  3:08  Probe  
  32  3:18  Pylon  
  34  3:21  Stalker (Chrono Boost)  
  34  3:27  Probe  
  34  3:28  Probe  
  34  3:33  Charge (Chrono Boost)  
  36  3:42  Zealot  
  36  3:45  Probe x2  
  40  3:56  Probe  
  40  3:57  Probe  
  40  4:00  Assimilator  
  42  4:16  Gateway  
  42  4:17  Gateway  
  42  4:21  Warp Gate (Chrono Boost)  
  42  4:26  Zealot  
  42  4:27  Stalker  
  46  4:31  Probe  
  46  4:32  Probe  
  46  4:33  Pylon  
  48  4:44  Probe x2  
  50  4:53  Forge  
  50  4:55  Zealot  
  50  4:57  Zealot  
  54  5:04  Pylon  
  54  5:05  Probe x2  
  56  5:13  Zealot  
  58  5:15  Zealot  
  58  5:19  Probe  
  62  5:21  Probe  
  62  5:25  Protoss Ground Weapons Level 1 (Chrono Boost)  
  62  5:34  Pylon  
  62  5:35  Probe x2  
  64  5:36  Robotics Facility  
  64  5:40  Assimilator  
  64  5:47  Probe x2  
  66  5:55  Zealot x4  
  70  6:19  Probe x2  
  72  6:31  Probe x2  
  74  6:39  Gateway  
  72  6:41  Gateway  
  72  6:51  Zealot  
  72  6:52  Zealot x3  
  80  6:55  Nexus  
  68  7:16  Observer  
  68  7:18  Nexus  
  68  7:19  Pylon  
  68  7:20  Zealot x4  
  68  7:21  Pylon  
  77  7:33  Probe x2  
  79  7:37  Immortal (Chrono Boost)  
  79  7:42  Gateway  
  79  7:43  Gateway  
  83  7:48  Assimilator  
  83  7:51  Zealot, Assimilator  
  83  7:52  Zealot  
  83  7:55  Sentry x3  
  93  8:10  Probe  
  93  8:12  Probe x2  
Show
View Real Time Build Order
Export as new Build Order

zidar Zerg 

Build Orders: Pool First 

Get SALT Encoding   

  12  0:01  Drone  
  13  0:12  Overlord  
  13  0:16  Drone  
  14  0:31  Drone x2  
  16  0:46  Spawning Pool  
  16  0:47  Drone  
  16  1:13  Hatchery  
  16  1:16  Drone  
  16  1:19  Extractor  
  16  1:24  Drone  
  16  1:26  Drone  
  17  1:38  Queen  
  19  1:42  Drone  
  20  1:52  Overlord  
  20  1:58  Drone  
  21  2:03  Overlord  
  21  2:14  Queen  
  23  2:22  Drone x2  
  25  2:29  Metabolic Boost  
  24  2:32  Drone  
  24  2:36  Drone  
  26  2:52  Extractor  
  26  2:53  Drone x2  
  26  2:54  Drone x3  
  30  3:08  Roach Warren  
  29  3:16  Overlord  
  29  3:18  Drone x3  
  32  3:30  Zergling x8  
  36  3:36  Lair  
  36  4:00  Roach x5  
  36  4:01  Roach  
  48  4:09  Overlord x2  
  48  4:28  Drone x4  
  48  4:29  Drone  
  53  4:38  Hatchery  
  52  4:39  Drone  
  53  4:58  Hydralisk Den  
  52  5:00  Drone x2  
  52  5:04  Extractor  
  52  5:05  Drone  
  54  5:07  Drone x3  
  54  5:09  Extractor  
  56  5:16  Drone x4  
  60  5:23  Overlord x2  
  60  5:41  Queen  
  43  6:19  Zergling x20  
  45  6:32  Roach x2  
  42  6:52  Roach x4  
  45  7:18  Hatchery  
  44  7:26  Hatchery  
  43  7:34  Overlord x2  
  43  7:41  Queen  
  45  8:01  Hydralisk x3  
  51  8:15  Roach x3  
Tags
 
Add a new tag
Caveats
  • Supply blocks, unpowered buildings, or Contaminate may cause inaccurate times.
  • Supply counts are checked every 10 seconds.